Map: Dusk Towers

Players

Miszu

  • Race: Terran Terran
  • League: Grandmaster

llIlIlIlIlIl

  • Race: Protoss Protoss
  • League: Master

VOD

Have the link to the VOD?

Description

Time

  • Played on: Feb. 7, 2016, 5:09 p.m.
  • Length: 16:59
Show
View Real Time Build Order
Export as new Build Order

Miszu Terran 

Build Orders: Hellion Opening, Reaper Expand, Mech 

Get SALT Encoding   

  12  0:00  SCV  
  13  0:12  SCV  
  14  0:17  Supply Depot  
  14  0:24  SCV  
  15  0:38  SCV  
  15  0:41  Barracks  
  16  0:44  Refinery  
  16  0:50  SCV  
  17  1:03  SCV  
  18  1:15  SCV  
  19  1:28  Orbital Command  
  19  1:30  Reaper  
  20  1:39  Command Center  
  20  1:49  Supply Depot  
  20  1:53  SCV  
  21  2:05  Factory  
  21  2:07  SCV  
  22  2:19  SCV  
  23  2:24  Barracks Reactor  
  23  2:31  SCV  
  24  2:43  SCV  
  24  2:51  Orbital Command  
  24  2:55  SCV  
  25  3:04  Factory, Hellion x2  
  29  3:08  SCV  
  29  3:11  Supply Depot  
  30  3:17  SCV  
  31  3:20  SCV  
  31  3:23  Supply Depot  
  31  3:24  Barracks Reactor  
  31  3:25  Hellion  
  31  3:26  Hellion  
  36  3:29  SCV  
  36  3:32  SCV  
  38  3:41  SCV  
  39  3:44  SCV  
  39  3:47  Hellion x2  
  43  3:53  SCV  
  44  3:56  SCV  
  44  4:08  Hellion x2  
  48  4:11  Factory  
  46  4:19  Hellion x2  
  46  4:20  SCV  
  46  4:21  SCV  
  50  4:27  Supply Depot  
  50  4:29  Hellion  
  50  4:30  Hellion  
  54  4:32  SCV  
  54  4:33  SCV  
  54  4:36  Command Center  
  56  4:41  Hellion x2  
  60  4:51  Hellion x2  
  60  5:09  Hellion  
  60  5:11  Hellion  
  60  5:12  SCV x2  
  60  5:13  Supply Depot  
  66  5:15  Factory Tech Lab  
  66  5:16  Hellion  
  60  5:24  Supply Depot, Hellion, SCV x2  
  60  5:27  Refinery  
  60  5:28  Refinery x2  
  64  5:31  Hellion  
  64  5:33  Hellion  
  68  5:36  Supply Depot, Siege Tank, SCV x2  
  68  5:37  Hellion  
  68  5:39  Supply Depot  
  75  5:45  Hellion, Armory  
  75  5:48  SCV x2  
  79  5:51  Orbital Command  
  79  5:52  Hellion  
  81  6:00  SCV x2  
  81  6:03  Hellion x2  
  81  6:12  Hellion, Siege Tank, SCV  
  81  6:13  SCV  
  81  6:16  SCV  
  89  6:23  Hellion  
  89  6:24  Hellion, SCV  
  89  6:25  SCV  
  95  6:28  SCV  
  92  6:35  Hellion  
  92  6:36  Hellion  
  92  6:37  SCV x2  
  94  6:40  SCV  
  94  6:42  Factory  
  94  6:43  Factory, Terran Vehicle Weapons Level 1  
  95  6:48  Hellion  
  95  6:49  SCV x2  
  95  6:51  Siege Tank  
  95  6:52  SCV  
  103  6:55  Hellion  
  103  7:01  Supply Depot, Refinery, SCV  
  106  7:03  Supply Depot  
  106  7:07  Starport  
  106  7:11  Hellion  
  106  7:12  SCV x2  
  106  7:13  SCV  
  111  7:16  Refinery  
  111  7:18  Hellion  
  111  7:20  Hellion  
  115  7:31  Siege Tank, Factory Tech Lab  
  115  7:32  Factory Tech Lab  
  115  7:33  Hellion x2, SCV  
  123  7:48  Hellion x2, SCV  
  128  7:54  Starport Reactor, SCV  
  128  7:56  Barracks Reactor  
  132  8:03  Supply Depot x2  
  132  8:07  Siege Tank  
  132  8:10  Medivac  
  134  8:21  Cyclone x2  
  134  8:22  Mag-Field Accelerator  
  134  8:25  Widow Mine x2  
  134  8:26  Widow Mine x2  
  148  8:29  Supply Depot  
  148  8:30  Supply Depot, SCV  
  148  8:33  Supply Depot  
  149  8:39  Cyclone, SCV  
  149  8:40  SCV  
  154  8:47  Command Center  
  154  8:53  Supply Depot x2  
  154  8:58  Engineering Bay  
  154  9:00  Cyclone x2  
  154  9:02  Hellion x2  
  166  9:03  Hellion  
  166  9:11  Cyclone  
  169  9:22  Supply Depot  
  169  9:32  Cyclone x2  
  169  9:33  Hellion x3  
  169  9:34  Hellion, Medivac  
  185  9:43  Cyclone  
  188  9:53  Terran Vehicle Weapons Level 2  
  188  9:56  Hellbat x2, Armory  
  188  9:57  Hellbat x2  
  189  10:04  Cyclone  
  189  10:05  Hellbat  
  134  10:15  Siege Tank  
  134  10:18  Hellbat  
  134  10:20  Hellion x2  
  134  10:21  Hellion  
  121  10:26  Cyclone  
  124  10:36  Cyclone  
  124  10:39  Hellion  
  118  10:47  Cyclone  
  102  10:50  Hellion x3  
  89  10:58  Cyclone  
  73  11:08  Cyclone  
  66  11:19  Hellion x4, Cyclone  
  71  11:26  SCV  
  71  11:27  SCV x3  
  71  11:30  Cyclone  
  76  11:38  Infernal Pre-Igniter, SCV  
  76  11:39  SCV x3  
  80  11:40  Hellion x4  
  80  11:41  Cyclone  
  91  11:50  SCV  
  91  11:51  SCV  
  91  11:52  SCV, Orbital Command  
  96  11:55  Cyclone  
  97  12:01  Hellion  
  97  12:02  Hellion  
  97  12:03  SCV x2  
  97  12:04  SCV  
  104  12:11  Hellion x2  
  104  12:12  Cyclone  
  104  12:13  Cyclone  
  104  12:15  SCV x2  
  116  12:16  SCV  
  116  12:17  Refinery  
  115  12:23  Hellion  
  109  12:37  Hellion  
  109  12:38  Hellion x2, Cyclone  
  109  12:39  SCV  
  109  12:40  SCV x2  
  117  12:44  Cyclone  
  117  12:49  Cyclone  
  117  12:50  Hellion  
  125  12:59  Hellion x2  
  126  13:07  Hellion  
  126  13:09  SCV  
  126  13:10  Hellion  
  128  13:16  Cyclone  
  129  13:21  Cyclone  
  129  13:25  Hellion x2  
  129  13:26  SCV  
  132  13:31  Cyclone  
  132  13:33  Refinery  
  132  13:34  Refinery  
  135  13:40  Hellion  
  126  13:48  Cyclone  
  126  13:50  Hellion x2  
  126  13:51  Hellion  
  126  13:53  Cyclone  
  123  14:03  Cyclone  
  77  14:25  Cyclone  
  66  14:37  Hellion x2, Cyclone x2  
  69  14:42  Hellion  
  71  14:47  Hellion  
  73  14:57  Cyclone  
  73  14:58  Hellion  
  73  14:59  Hellion, Orbital Command  
  74  15:07  Hellion  
  67  15:08  Hellion, SCV x2  
  67  15:09  Cyclone x2  
  77  15:18  SCV  
  77  15:20  SCV  
  76  15:29  Hellion x2, Cyclone  
  83  15:41  Cyclone  
  82  15:44  Cyclone  
  82  15:45  Hellion  
  87  15:50  Orbital Command  
  87  16:00  Hellion  
  92  16:10  Hellion  
  94  16:13  Cyclone  
  94  16:17  Hellion x2  
  97  16:25  Cyclone  
  97  16:36  SCV  
Show
View Real Time Build Order
Export as new Build Order

llIlIlIlIlIl Protoss 

Build Orders: 1 Gate Expand, Blink Stalkers 

Get SALT Encoding   

  12  0:01  Probe (Chrono Boost)  
  13  0:12  Probe (Chrono Boost)  
  14  0:22  Pylon  
  14  0:23  Probe (Chrono Boost)  
  15  0:41  Gateway, Probe (Chrono Boost)  
  16  0:45  Assimilator  
  16  0:51  Probe (Chrono Boost)  
  17  1:02  Probe (Chrono Boost)  
  18  1:12  Probe (Chrono Boost)  
  19  1:20  Nexus  
  19  1:23  Probe (Chrono Boost)  
  20  1:34  Probe (Chrono Boost)  
  21  1:41  Cybernetics Core  
  21  1:44  Probe (Chrono Boost)  
  21  1:45  Pylon  
  22  1:52  Assimilator  
  22  1:56  Probe (Chrono Boost)  
  23  2:06  Probe (Chrono Boost)  
  24  2:16  Probe (Chrono Boost)  
  24  2:17  Adept (Chrono Boost), Warp Gate  
  27  2:28  Twilight Council, Probe  
  28  2:30  Probe (Chrono Boost)  
  28  2:41  Probe (Chrono Boost)  
  29  2:45  Probe (Chrono Boost)  
  30  2:51  Probe (Chrono Boost)  
  30  2:57  Probe (Chrono Boost)  
  32  3:02  Probe (Chrono Boost)  
  32  3:05  Blink (Chrono Boost)  
  33  3:08  Probe  
  34  3:13  Probe  
  35  3:20  Nexus  
  35  3:21  Probe  
  35  3:25  Mothership Core  
  38  3:34  Stalker (Chrono Boost)  
  38  3:37  Pylon  
  38  3:38  Probe  
  41  3:45  Pylon  
  41  3:48  Probe  
  41  3:53  Probe  
  43  3:58  Probe  
  43  4:01  Stalker (Chrono Boost)  
  44  4:04  Pylon  
  44  4:05  Probe  
  44  4:09  Probe  
  40  4:17  Probe  
  40  4:18  Gateway  
  40  4:20  Gateway, Probe  
  41  4:29  Robotics Facility, Probe  
  41  4:30  Probe  
  42  4:32  Probe  
  44  4:40  Stalker  
  44  4:41  Probe x2  
  44  4:44  Probe  
  49  4:52  Probe  
  45  4:54  Probe  
  45  4:56  Probe  
  46  5:02  Probe  
  46  5:06  Stalker, Probe (Chrono Boost)  
  46  5:08  Probe (Chrono Boost)  
  42  5:14  Probe (Chrono Boost)  
  42  5:18  Probe (Chrono Boost)  
  42  5:20  Probe (Chrono Boost)  
  44  5:25  Observer, Probe (Chrono Boost)  
  44  5:28  Sentry x2, Probe (Chrono Boost)  
  51  5:30  Probe (Chrono Boost)  
  51  5:31  Stalker  
  55  5:35  Probe (Chrono Boost)  
  55  5:39  Probe (Chrono Boost)  
  55  5:41  Probe (Chrono Boost)  
  55  5:42  Pylon  
  57  5:46  Probe (Chrono Boost)  
  57  5:47  Observer  
  57  5:49  Probe (Chrono Boost)  
  60  5:51  Probe (Chrono Boost)  
  60  5:57  Probe (Chrono Boost)  
  62  6:00  Probe (Chrono Boost)  
  62  6:02  Probe (Chrono Boost)  
  62  6:07  Probe (Chrono Boost)  
  62  6:08  Immortal  
  62  6:10  Probe (Chrono Boost)  
  62  6:12  Stalker x2, Probe (Chrono Boost)  
  62  6:18  Probe (Chrono Boost)  
  68  6:23  Stalker  
  68  6:24  Pylon  
  68  6:25  Probe (Chrono Boost)  
  69  6:27  Probe (Chrono Boost)  
  69  6:30  Probe (Chrono Boost)  
  66  6:35  Probe (Chrono Boost)  
  66  6:38  Probe (Chrono Boost)  
  68  6:41  Gateway  
  68  6:42  Pylon  
  68  6:43  Robotics Facility  
  68  6:46  Probe (Chrono Boost)  
  69  6:47  Assimilator  
  69  6:48  Assimilator x2  
  69  6:49  Assimilator  
  69  6:51  Immortal (Chrono Boost)  
  69  6:52  Probe (Chrono Boost)  
  74  6:54  Probe (Chrono Boost)  
  74  6:57  Probe (Chrono Boost)  
  76  7:01  Stalker  
  76  7:02  Probe (Chrono Boost)  
  76  7:03  Probe (Chrono Boost)  
  76  7:06  Probe  
  81  7:14  Probe  
  82  7:16  Sentry, Gateway, Probe  
  82  7:17  Gateway, Probe  
  82  7:21  Gateway  
  86  7:24  Pylon  
  86  7:26  Probe  
  86  7:27  Pylon x2, Probe  
  88  7:34  Immortal (Chrono Boost)  
  92  7:45  Immortal (Chrono Boost), Stalker x2  
  100  7:52  Stalker  
  100  7:55  Gateway  
  102  7:59  Pylon  
  102  8:02  Pylon  
  102  8:07  Stalker  
  102  8:11  Immortal (Chrono Boost)  
  108  8:18  Pylon, Stalker x3  
  114  8:22  Warp Prism (Chrono Boost)  
  116  8:28  Templar Archives  
  116  8:33  Stalker x3  
  122  8:45  Gateway  
  122  8:47  Observer (Chrono Boost), Pylon  
  122  8:48  Gateway  
  123  8:52  Stalker x3  
  129  9:02  Immortal (Chrono Boost)  
  134  9:10  Observer (Chrono Boost)  
  134  9:20  High Templar x2, Pylon  
  134  9:21  High Templar, Pylon  
  134  9:23  Pylon  
  140  9:26  Pylon  
  140  9:27  Nexus  
  140  9:29  Archon  
  140  9:33  Pylon  
  140  9:40  High Templar  
  140  9:43  High Templar x2  
  140  9:44  Stalker x2  
  150  9:45  Archon  
  150  9:46  Stalker  
  150  9:47  Zealot  
  150  9:49  Archon  
  154  9:53  Zealot x3  
  136  10:07  Stalker x2  
  136  10:08  Zealot  
  136  10:13  Probe  
  113  10:17  Probe  
  113  10:20  Observer (Chrono Boost), Probe  
  113  10:22  Observer (Chrono Boost)  
  113  10:28  Stalker x3  
  115  10:29  Stalker x2  
  115  10:30  Probe  
  115  10:31  Probe  
  125  10:37  Probe  
  125  10:38  Probe  
  111  10:43  Probe  
  111  10:46  Probe  
  102  10:50  Probe  
  102  10:53  Stalker x2  
  102  10:54  Stalker x2  
  102  10:56  Probe  
  105  10:57  Probe  
  105  10:59  Probe  
  105  11:03  Probe  
  97  11:08  Probe  
  97  11:09  Probe  
  95  11:17  Probe  
  84  11:20  Immortal x2 (Chrono Boost)  
  84  11:23  Probe  
  84  11:25  Probe x2  
  89  11:32  High Templar x2  
  86  11:33  High Templar x2  
  86  11:35  Probe x2  
  86  11:38  Archon  
  86  11:39  Archon  
  93  11:54  Immortal x2 (Chrono Boost)  
  101  11:57  Stalker x5  
  101  11:58  Stalker  
  113  12:05  Forge  
  113  12:09  Stalker x2  
  113  12:10  Stalker  
  119  12:17  Stalker  
  121  12:24  Stalker x4  
  124  12:33  Immortal (Chrono Boost)  
  124  12:35  Warp Prism (Chrono Boost)  
  126  12:46  Stalker x2  
  126  12:47  Stalker x3  
  132  12:52  Protoss Ground Weapons Level 1 (Chrono Boost)  
  132  13:08  Immortal, Stalker x4  
  132  13:11  Probe  
  129  13:30  Stalker  
  129  13:31  Stalker x5  
  141  13:41  Stalker x2  
  145  13:47  Immortal  
  141  13:52  Immortal  
  122  14:04  Stalker x2  
  122  14:05  Stalker x2  
  122  14:08  Probe  
  121  14:10  Probe x2  
  105  14:20  Stalker x2  
  105  14:21  Probe  
  105  14:22  Probe  
  96  14:24  Probe  
  96  14:25  Probe  
  91  14:32  Probe  
  91  14:35  Probe  
  91  14:36  Probe  
  74  14:46  Stalker x2  
  74  14:50  Probe  
  74  14:51  Probe  
  76  14:55  Probe  
  76  14:58  Probe  
  76  15:00  Probe  
  76  15:04  Probe  
  73  15:07  Probe  
  74  15:16  High Templar  
  74  15:17  High Templar  
  78  15:21  Archon  
  78  15:25  Probe  
  78  15:26  Probe  
  78  15:27  Probe x2  
  80  15:36  Immortal, Probe  
  85  15:51  Immortal  
  88  15:58  High Templar x2  
  92  16:11  Archon, Stalker x2  
  92  16:12  Stalker  
  92  16:15  Immortal  
  102  16:30  Stalker x2  
  104  16:47  Stalker x2  
Tags
 
Add a new tag
Caveats
  • Supply blocks, unpowered buildings, or Contaminate may cause inaccurate times.
  • Supply counts are checked every 10 seconds.